 Dungeon Crawl Stone Soup version 0.18-a0-1197-g8004e50 (webtiles) character file.

4636 Ijustatesigmund the Basher (level 10, 0/84 HPs)
             Began as a Demonspawn Fighter on Jan 30, 2016.
             Slain by a warg (10 damage)
             ... on level 7 of the Dungeon.
             The game lasted 00:18:30 (9990 turns).

Ijustatesigmund the Basher (Demonspawn Fighter)     Turns: 9990, Time: 00:18:30

Health: 0/84       AC:  9    Str: 18    XL:     10   Next: 20%
Magic:  10/10      EV: 11    Int: 10    God:
Gold:   377        SH: 10    Dex: 14    Spells: 0 memorised, 9 levels left

rFire  . . .     SeeInvis .     a - +1 flail
rCold  . . .     Gourm    .     n - +1 ring mail "Uxyteiff" {+Inv rCorr} (curse)
rNeg   . . .     Faith    .     c - +0 shield
rPois  .         Spirit   .     (no helmet)
rElec  .         Dismiss  .     (no cloak)
rCorr  +         Reflect  .     (no gloves)
SustAt .         Harm     .     (no boots)
MR     .....                    (no amulet)
Stlth  +.........               (no ring)
                                (no ring)

@: about to teleport, not resistant to hostile enchantments, very unstealthy
A: claws 2, rugged brown scales 2, foul stench 1, rot immunity
a: Evoke Invisibility


You were on level 7 of the Dungeon.
You were not hungry.

You visited 1 branch of the dungeon, and saw 7 of its levels.

You collected 377 gold pieces.

Inventory:

Hand Weapons
 a - a +1 flail (weapon)
Armour
 b - a +0 scale mail
 c - a +0 shield (worn)
 n - the cursed +1 ring mail "Uxyteiff" (worn) {+Inv rCorr}
   (You found it on level 6 of the Dungeon)

   It lets you turn invisible.
   It protects you from acid and corrosion.
   It has a curse placed upon it.
 o - a +0 cloak
Jewellery
 e - an uncursed ring of resist corrosion {unknown}
 l - an uncursed ring of fire
 m - an uncursed amulet of faith {unknown}
 u - a cursed amulet of inaccuracy {unknown}
 x - an uncursed amulet of dismissal {unknown}
 y - a +3 amulet of reflection {unknown}
Wands
 v - a wand of flame (23/48)
Scrolls
 p - a scroll of recharging
 q - a scroll of enchant weapon
 r - 5 scrolls of remove curse
 s - a scroll of immolation {unknown}
 t - 2 scrolls of teleportation
Potions
 d - a potion of mutation {unknown}
 g - 2 potions of ambrosia
 h - a potion of magic {unknown}
 i - a potion of curing
 w - a potion of lignification {unknown}
 A - a potion of agility {unknown}
Books
 j - a book of Death

   Spells                             Type                      Level
   a - Corpse Rot                     Necromancy                   2
   b - Sublimation of Blood           Necromancy                   2
   c - Agony                          Necromancy                   5
   d - Dispel Undead                  Necromancy                   5
   e - Excruciating Wounds            Charms/Necromancy            5
   f - Bolt of Draining               Conjuration/Necromancy       5
Comestibles
 f - a bread ration
 k - 8 meat rations
 z - 2 beef jerkies
 B - 3 royal jellies


   Skills:
 - Level 8.0 Fighting
 - Level 9.5 Maces & Flails
 + Level 5.1 Armour
 + Level 4.1 Dodging
 + Level 4.9 Shields


You had 9 spell levels left.
You didn't know any spells.

Dungeon Overview and Level Annotations

Branches:
Dungeon (7/15)
 Temple: D:4-7

Altars:
Ashenzari
Dithmenos
Pakellas
Sif Muna
Trog
Vehumet

Shops:
D:4 [   D:5 *


Innate Abilities, Weirdness & Mutations

You have very sharp fingernails.
You are mostly covered in rugged brown scales (AC +2, +5% HP).
You may emit foul miasma when damaged in melee.
You are immune to rotting.


Message History

You block the warg's attack. x2; The warg bites you.
The warg looks sick.
You sock the warg!
The warg is moderately wounded.
You block the warg's attack. The warg misses you. The warg barely misses you.
You barely miss the warg.
The warg is moderately wounded.
You block the warg's attack. x2; The warg bites you.
* * * LOW HITPOINT WARNING * * *
A warg comes into view.
The warg howls!
The warg barely misses you.
Read which item? (? for menu, Esc to quit)
As you read the scroll of teleportation, it crumbles to dust.
You feel strangely unstable. The warg misses you. The warg barely misses you.
The warg bites you.
* * * LOW HITPOINT WARNING * * *
The warg bites you!
* * * LOW HITPOINT WARNING * * *
The warg bites you!
You die...

###################
#......P...h.......
#.........@h...P...
#....≈≈≈≈≈≈h†≈≈h≈≈≈
#....≈≈≈≈≈≈≈≈≈≈≈≈≈≈
#....≈≈#####≈≈≈≈≈≈≈
#....≈≈#ooo#.......
#....≈≈#...########
#....≈≈###+#
#....≈≈≈.#
#....≈≈≈.#


You could see 4 wargs and 2 orcs.

Vanquished Creatures
  An unseen horror (D:6)
  Pikel (D:5)
  A centaur skeleton (D:5)
  The ghost of Ijustatesigmund the Cudgeler, an amateur DsFi (D:4)
  5 wargs (D:7)
  An orc warrior (D:6)
  2 slaves (D:5)
  A black bear (D:5)
  An ice beast (D:6)
  A phantom (D:4)
  A sky beast (D:6)
  3 ogres
  5 centaurs
  A big kobold (D:7)
  A giant frog (D:6)
  6 scorpions
  3 wights (D:6)
  A giant frog zombie (D:6)
  2 crimson imps
  A jelly (D:6)
  2 giant frog skeletons (D:5)
  3 orc priests
  9 orc wizards
  Crazy Yiuf (D:3)
  An iguana (D:6)
  Jessica (D:3)
  7 worker ants
  A hound zombie (D:5)
  A hound skeleton (D:4)
  12 adders
  3 shadow imps
  An ooze (D:1)
  6 worms
  6 giant geckos
  15 orcs
  3 ball pythons
  6 giant cockroaches
  5 hobgoblins
  13 jackals
  17 kobolds
  3 quokkas
  7 bats
  A giant gecko skeleton (D:5)
  A giant gecko zombie (D:5)
  6 giant newts
  6 goblins
  7 rats
  A fungus (D:3)
184 creatures vanquished.

Vanquished Creatures (others)
  A wizard (D:4)
  A yak (D:5)
  A slave (D:5)
3 creatures vanquished.

Grand Total: 187 creatures vanquished

Notes
Turn   | Place    | Note
--------------------------------------------------------------
     0 | D:1      | Ijustatesigmund the Demonspawn Fighter began the quest for the Orb.
     0 | D:1      | Reached XP level 1. HP: 18/18 MP: 1/1
   186 | D:1      | Gained mutation: You are partially covered in rugged brown scales (AC +1, +3% HP). [demonic ancestry]
   186 | D:1      | Reached XP level 2. HP: 6/24 MP: 2/2
   813 | D:1      | Reached XP level 3. HP: 27/29 MP: 3/3
  1695 | D:2      | Found an oddly glowing altar of Pakellas.
  1771 | D:2      | Gained mutation: You are mostly covered in rugged brown scales (AC +2, +5% HP). [demonic ancestry]
  1771 | D:2      | Reached XP level 4. HP: 30/38 MP: 4/4
  2172 | D:3      | Reached skill level 4 in Fighting
  3356 | D:3      | Noticed Jessica
  3360 | D:3      | Killed Jessica
  3360 | D:3      | Gained mutation: You have sharp fingernails. [demonic ancestry]
  3360 | D:3      | Reached XP level 5. HP: 43/45 MP: 5/5
  3728 | D:3      | Found a shadowy altar of Dithmenos.
  3835 | D:3      | Noticed Crazy Yiuf
  3842 | D:3      | Killed Crazy Yiuf
  3988 | D:3      | Gained mutation: You are immune to rotting. [demonic ancestry]
  3988 | D:3      | Reached XP level 6. HP: 30/51 MP: 6/6
  4241 | D:4      | Reached skill level 5 in Maces & Flails
  4277 | D:4      | HP: 2/52 [poisoned by a scorpion]
  4530 | D:4      | Noticed Ijustatesigmund's ghost (amateur DsFi)
  4569 | D:4      | Killed Ijustatesigmund's ghost
  4569 | D:4      | Reached skill level 5 in Fighting
  4569 | D:4      | Gained mutation: You may emit foul miasma when damaged in melee. [demonic ancestry]
  4569 | D:4      | Reached XP level 7. HP: 5/58 MP: 7/7
  4918 | D:4      | Reached skill level 6 in Maces & Flails
  4943 | D:4      | Found a bloodstained altar of Trog.
  4944 | D:4      | Noticed a wizard
  4949 | D:4      | Killed a wizard
  4968 | D:4      | Found Ittalicw's Antique Armour Shop.
  5722 | D:5      | Entered Level 5 of the Dungeon
  6229 | D:5      | Reached skill level 7 in Maces & Flails
  6233 | D:5      | Reached XP level 8. HP: 40/67 MP: 8/8
  6517 | D:5      | Noticed Pikel
  7232 | D:6      | Found a deep blue altar of Sif Muna.
  7408 | D:6      | Reached skill level 8 in Maces & Flails
  7619 | D:6      | Found a shattered altar of Ashenzari.
  8044 | D:6      | Killed an unseen horror
  8044 | D:6      | Reached skill level 9 in Maces & Flails
  8044 | D:6      | Reached XP level 9. HP: 36/77 MP: 9/9
  8349 | D:6      | Reached skill level 1 in Dodging
  8554 | D:6      | Got a blackened ring mail
  8565 | D:6      | Identified the cursed +1 ring mail "Uxyteiff" {+Inv rCorr} (You found it on level 6 of the Dungeon)
  9126 | D:5      | Found Ripa Moo's General Store.
  9220 | D:5      | Found an oddly glowing altar of Pakellas.
  9220 | D:5      | Noticed an orange crystal statue
  9494 | D:5      | Killed Pikel
  9547 | D:6      | Gained mutation: You have very sharp fingernails. [demonic ancestry]
  9547 | D:6      | Reached XP level 10. HP: 77/84 MP: 10/10
  9610 | D:7      | Found a radiant altar of Vehumet.
  9966 | D:7      | Reached skill level 5 in Armour
  9990 | D:7      | Slain by a warg

Vault maps used:
D:1:      co_arrival_random_square_maze, minmay_misc_feat_enclosed, minivault_19
D:2:      lemuel_crystal_altar, serial_glass, glass_columns_b, glass_columns_a,
          item_on_display_a
D:3:      lemuel_round_altar, uniq_jessica, uniq_crazy_yiuf_cottage
D:4:      first_bread, serial_shops, nicolae_shop_stone, trog_wizard
D:5:      black_bear_nest_1, serial_shops, shop,
          gammafunk_pakellas_statue_experiment, uniq_pikel
D:6:      wad_guarded_room, lemuel_doored_altar, kennysheep_mini,
          kennysheep_generic_room_15
D:7:      lemuel_castle_with_subvaults, vehumet_altar_wand_db, temple_statues,
          grunt_ministairs_14, uniq_joseph

Action                   |  1- 3 |  4- 6 |  7- 9 | 10-12 || total
-------------------------+-------+-------+-------+-------++-------
Melee: Flail             |   183 |   211 |   443 |   105 ||   942
  Use: Scroll            |     3 |     2 |     5 |     1 ||    11
       Potion            |       |     1 |     8 |     1 ||    10
  Eat: Chunk             |     3 |     9 |     4 |     1 ||    17
       Pizza             |       |     1 |       |       ||     1
       Bread ration      |       |       |     3 |       ||     3
